 Dungeon Crawl Stone Soup version 0.30-a0-1035-g38d5fb2972 (webtiles) character file.

Game seed: 13429927890457406986

6288 Orangeyouglad the Trooper (level 11, -6/83 HPs)
             Began as a Human Wanderer on Apr 8, 2023.
             Was a Believer of Dithmenos.
             Mangled by a manticore (7 damage)
             ... on level 9 of the Dungeon.
             The game lasted 00:30:17 (12793 turns).

Orangeyouglad the Trooper (Human Wanderer)         Turns: 12793, Time: 00:30:17

Health: -6/83      AC: 14    Str: 14    XL:     11   Next: 15%
Magic:  11/11      EV: 17    Int: 11    God:    Dithmenos [**....]
Gold:   468        SH: 10    Dex: 17    Spells: 8/10 levels left

rFire   . . .      SeeInvis .    a - +0 long sword (elec)
rCold   . . .      Faith    .    f - +0 buckler {AC+3}
rNeg    . . .      Spirit   .    K - +0 scale mail
rPois   .          Reflect  +    H - +1 hat
rElec   .          Rampage  .    D - +0 cloak
rCorr   .                        (no gloves)
Will    .....                    c - +0 pair of boots Stlth
                                 q - amulet of reflection
HPRegen 0.33/turn                I - +5 ring of evasion
MPRegen 0.12/turn                y - ring of flight

@: spiked, flying, wreathed by umbra
A: no striking features
a: Renounce Religion, Shadow Step


You were on level 9 of the Dungeon.
You worshipped Dithmenos.
Dithmenos was pleased with you.
You visited 1 branch of the dungeon, and saw 9 of its levels.
You also visited: Sewer.

You collected 516 gold pieces.
You spent 48 gold pieces at shops.

Inventory:

Hand Weapons
 a - a +0 long sword of electrocution (weapon)
 b - a +0 sling
 E - a +1 short sword of venom
Missiles
 l - 4 boomerangs
 t - 16 poisoned darts
Armour
 c - a +0 pair of boots (worn)
 e - a +0 leather armour
 f - a +0 buckler of protection (worn)
 D - a +0 cloak (worn)
 H - a +1 hat (worn)
 K - a +0 scale mail (worn)
 L - a +0 ring mail
Jewellery
 j - a ring of protection from cold
 q - an amulet of reflection (around neck)
 y - a ring of flight (right hand)
 I - a +5 ring of evasion (left hand)
 M - a ring of protection from fire
Wands
 J - a wand of polymorph (17)
Scrolls
 i - 3 scrolls of amnesia
 m - a scroll of fog {unknown}
 n - 2 scrolls of fear
 o - a scroll of torment
 r - 2 scrolls of teleportation
 u - 2 scrolls of enchant weapon
 v - a scroll of immolation {unknown}
 x - 3 scrolls of enchant armour
 C - a scroll of noise {unknown}
 N - a scroll of identify
 P - a scroll of brand weapon {unknown}
Potions
 d - 6 potions of brilliance
 g - 3 potions of cancellation
 h - 4 potions of haste
 k - 3 potions of magic
 p - 3 potions of ambrosia
 s - a potion of curing
 w - 7 potions of heal wounds
 z - 2 potions of invisibility
 A - a potion of might
 B - 3 potions of flight
 F - a potion of attraction {unknown}
 G - 2 potions of mutation
 O - a potion of lignification {unknown}


   Skills:
 + Level 6.9 Fighting
 - Level 2.0(3.6) Short Blades
 + Level 4.8(5.0) Long Blades
 + Level 6.7 Ranged Weapons
 - Level 1.0 Throwing
 + Level 6.9 Armour
 + Level 6.8 Dodging
 - Level 4.5 Shields
 - Level 3.0 Unarmed Combat
 + Level 4.9 Translocations
 - Level 1.0 Invocations


You had 8 spell levels left.
You knew the following spells:

 Your Spells              Type           Power      Damage    Failure   Level
a - Blink                 Tloc           20%        N/A       32%         2

Your spell library contained the following spells:

 Spells                   Type           Power      Damage    Failure   Level
 Manifold Assault         Tloc           10%        N/A       91%         4
 Summon Forest            Summ/Tloc      2%         N/A       100%        5
 Eringya's Noxious Bog    Tmut/Pois      0%         N/A       100%        6
 Storm Form               Tmut/Air       0%         N/A       100%        7
 Summon Hydra             Summ           0%         N/A       100%        7
 Summon Horrible Things   Summ           0%         N/A       100%        8
 Dragon's Call            Summ           0%         N/A       100%        9


Dungeon Overview and Level Annotations

Branches:
Dungeon (9/15)             Temple (0/1) D:7            Lair (0/5) D:9
  Sewer (visited)
    Orc: D:9-12

Altars:
Ashenzari
Dithmenos
Hepliaklqana
Makhleb
Qazlal
Ru
Sif Muna
Trog
Vehumet
Xom

Shops:
D:7 !*   D:9 :

Annotations:
D:7 3 runed translucent doors, hollowman's ghost, novice TeAE
D:8 exclusion: ice statue


Message History

A centaur warrior comes into view.
The manticore flicks its tail.
The volley of spikes misses you.
The manticore flicks its tail.
The volley of spikes hits you!
The barbed spikes become lodged in your body.
You shoot a sling bullet. The centaur warrior shouts!
The sling bullet hits the manticore but does no damage.
The manticore is lightly wounded.
The manticore flicks its tail.
The volley of spikes hits you.
The barbed spikes become lodged in your body.
The centaur warrior wields a +0 shortbow.
The centaur warrior shoots an arrow.
The arrow hits you!
You shoot a sling bullet.
The sling bullet barely misses the manticore.
The centaur warrior shoots an arrow.
You reflect the arrow off an invisible shield around you!
The arrow barely misses the centaur warrior.
You shoot a sling bullet.
The sling bullet hits the manticore but does no damage.
The manticore is lightly wounded.
You hear the crackle of electricity.
a - a +0 long sword of electrocution (weapon)
You slash the manticore!
The manticore is moderately wounded.
You block the manticore's attack. x2
The manticore claws you but does no damage.
The centaur warrior shoots an arrow.
The arrow hits you.
You hit the manticore.
The manticore is moderately wounded.
The centaur warrior shoots an arrow.
The arrow hits you! The manticore bites you!
* * * LOW HITPOINT WARNING * * *
You block the manticore's attack. x2; The centaur warrior shoots an arrow.
The arrow hits you!!
* * * LOW HITPOINT WARNING * * *
The manticore closely misses you. The manticore claws you!
You die...

#..##..##
##.#...# #.
#..##.##
##....# #.
#..#.##
##...# #.
#...## ##..#
#. #..##
##.###.
>.####.##
##†##.
.........##
##...
......##..##
##.. ######
##.@# #...#.
##.H# ##.##.
##c.# #.# ..
#..# #.# #.#
#..# #.. ..
#... #.# ###
#.##.# ##


You could see a centaur warrior and a manticore.

Vanquished Creatures
  A troll (D:6)
  A hornet (D:8)
  A shadow (D:6)
  10 yaks
  A wraith (D:7)
  2 wyverns (D:9)
  5 water moccasins
  3 orc warriors
  3 black bears
  2 ice beasts (D:6)
  A sky beast (D:8)
  An ogre (D:4)
  2 centaurs
  A phantom (D:3)
  A kobold brigand (Sewer)
  4 bullfrogs
  Blork the orc (D:4)
  A gnoll sergeant (D:5)
  A scorpion (D:9)
  12 wights
  2 jellies (D:7)
  6 electric eels (D:7)
  A crimson imp (D:4)
  Crazy Yiuf (D:4)
  A gnoll bouda (D:4)
  3 orc priests
  3 iguanas
  5 orc wizards
  6 adders
  8 gnolls
  2 river rats
  2 shadow imps
  3 white imps (D:7)
  2 ufetubi
  3 worms
  5 dart slugs
  24 orcs
  10 endoplasms
  A giant cockroach (D:3)
  6 goblins
  5 hobgoblins
  3 jackals (D:3)
  6 quokkas
  18 ball pythons
  6 bats
  2 frilled lizards
  29 kobolds
  29 rats
246 creatures vanquished.

Vanquished Creatures (others)
  30 fungi (D:9)
  43 plants
  4 toadstools (D:1)
77 creatures vanquished.

Grand Total: 323 creatures vanquished

Notes
Turn   | Place    | Note
-------+----------+-------------------------------------------
     0 | D:1      | Orangeyouglad the Human Wanderer began the quest for the
                  | Orb.
     0 | D:1      | Orangeyouglad set off with the following items: a +0
                  | dagger, a scroll of teleportation, a +0 pair of boots, a
                  | potion of brilliance, a +0 leather armour, a +0 buckler of
                  | protection.
     0 | D:1      | Reached XP level 1. HP: 15/15 MP: 1/1
   115 | D:1      | Reached XP level 2. HP: 21/21 MP: 2/2
   306 | D:1      | Found a faded altar of an unknown god.
   612 | D:1      | Reached XP level 3. HP: 26/26 MP: 3/3
  1102 | D:2      | Reached skill level 1 in Ranged Weapons
  1294 | D:3      | Reached XP level 4. HP: 33/33 MP: 4/4
  1504 | D:3      | Found a glowing drain.
  1526 | Sewer    | Entered a sewer
  1628 | Sewer    | Reached XP level 5. HP: 38/38 MP: 5/5
  1961 | Sewer    | Noticed a kobold brigand
  2175 | Sewer    | Killed a kobold brigand
  2176 | Sewer    | Reached XP level 6. HP: 46/46 MP: 6/6
  2429 | D:3      | Found a shadowy altar of Dithmenos.
  3007 | D:3      | Became a worshipper of Dithmenos the Shadowed
  3147 | D:4      | Found a bloodstained altar of Trog.
  3171 | D:4      | Found a runed translucent door.
  3172 | D:4      | Noticed Crazy Yiuf
  3178 | D:4      | Killed Crazy Yiuf
  3215 | D:4      | Noticed Blork the orc
  3232 | D:4      | Killed Blork the orc
  3233 | D:4      | Reached XP level 7. HP: 40/52 MP: 7/7
  3283 | D:4      | Found a shimmering blue altar of Sif Muna.
  3291 | D:4      | Found a burning altar of Makhleb.
  3311 | D:4      | Found a radiant altar of Vehumet.
  3960 | D:5      | Entered Level 5 of the Dungeon
  4362 | D:5      | Found a hazy altar of Hepliaklqana.
  4363 | D:5      | Found a shimmering altar of Xom.
  4364 | D:5      | Noticed a spectral ugly thing
  4545 | D:5      | Reached XP level 8. HP: 32/60 MP: 8/8
  4837 | D:5      | Reached * piety under Dithmenos
  5116 | D:5      | Found a broken altar of Ashenzari.
  5120 | D:5      | Saw a vision of the Shoals and the Spider Nest.
  5120 | D:5      | Noticed a wind drake
  5120 | D:5      | Noticed a snapping turtle
  5120 | D:5      | Noticed a water elemental
  5120 | D:5      | Noticed a sea snake
  5120 | D:5      | Noticed a merfolk avatar
  5120 | D:5      | Noticed a merfolk
  5120 | D:5      | Noticed a skyshark
  5120 | D:5      | Noticed a radroach
  5120 | D:5      | Noticed a radroach
  5120 | D:5      | Noticed a jumping spider
  5120 | D:5      | Noticed an entropy weaver
  5120 | D:5      | Noticed a tarantella
  5120 | D:5      | Noticed a moth of wrath
  5120 | D:5      | Noticed an orb spider
  5120 | D:5      | Noticed a demonic crawler
  5120 | D:5      | Noticed a tarantella
  5120 | D:5      | Noticed a tarantella
  5120 | D:5      | Noticed a pharaoh ant
  5120 | D:5      | Noticed a sea snake
  5120 | D:5      | Noticed an orb spider
  5121 | D:5      | Noticed a sea snake
  5127 | D:5      | Noticed a boulder beetle
  5953 | D:6      | Reached skill level 1 in Short Blades
  6508 | D:6      | Noticed a troll
  6566 | D:7      | Found Cuvyarph's Distillery.
  6594 | D:7      | Bought a potion of might for 48 gold pieces
  6621 | D:7      | Found a staircase to the Ecumenical Temple.
  6637 | D:7      | Learned a level 2 spell: Blink
  6676 | D:7      | Found Uroud's Hallowed Reliquary.
  6678 | D:7      | Noticed an angel
  6697 | D:7      | Reached XP level 9. HP: 54/66 MP: 9/9
  6870 | D:7      | Found a runed translucent gate.
  6874 | D:7      | Found a runed translucent gate.
  6888 | D:7      | Noticed a gargoyle
  6889 | D:7      | Got Guedghej's Annotations on the Flock
  6919 | D:7      | Reached skill level 1 in Translocations
  6956 | D:7      | Found a stormy altar of Qazlal.
  7043 | D:7      | Found a runed translucent gate.
  7044 | D:7      | Noticed hollowman's ghost (novice TeAE)
  7243 | D:7      | Reached skill level 5 in Fighting
  7243 | D:7      | Reached skill level 1 in Long Blades
  7329 | D:7      | Reached skill level 5 in Armour
  7329 | D:7      | Reached skill level 5 in Dodging
  9200 | D:7      | Reached skill level 5 in Ranged Weapons
  9756 | D:7      | Reached ** piety under Dithmenos
 10232 | D:6      | Killed a troll
 10401 | D:6      | Reached XP level 10. HP: 76/76 MP: 10/10
 10714 | D:8      | Noticed an ice statue
 10801 | D:8      | Found a sacrificial altar of Ru.
 11972 | D:9      | Found a staircase to the Lair.
 12362 | D:9      | Found Xuofilah's Book Boutique.
 12525 | D:9      | Reached XP level 11. HP: 79/83 MP: 11/11
 12783 | D:9      | Noticed a manticore
 12787 | D:9      | Noticed a centaur warrior
 12793 | D:9      | HP: 1/83 [centaur warrior/arrow (22)]
 12793 | D:9      | Mangled by a manticore

Illustrated notes

Levels and vault maps discovered:
D:1:      dpeg_arrival_rooms_c, layout_basic,
          shapermc_ecumenical_altar_hornbeckon, minmay_gold_behind_fungi
D:2:      layout_basic, chequers_serial_rivers_micro_c, minivault_25
D:3:      layout_basic, grunt_dithmenos_smoke_and_mirrors, portal_sewer_entry_b
D:4:      layout_cave_pools, grunt_temple_overflow_lords_of_destruction,
          mainiacjoe_overflow_catwalk,
          mainiacjoe_overflow_concentric_impassable,
          chequers_serial_rivers_micro_b, uniq_blork_the_orc,
          uniq_crazy_yiuf_cottage
D:5:      layout_basic, regret_index_temple_of_mockery,
          grunt_ashenzari_visionary [grunt_ashenzari_visionary_shoals,
          grunt_ashenzari_visionary_spider]
D:6:      layout_rooms, minmay_three_doors
D:7:      cheibrodos_two_vegetables, layout_loops_cross,
          mainiacjoe_overflow_24_doors, minmay_temple_entry_trees, serial_shops,
          nicolae_shop_hallway_plus, gammafunk_ghost_split, nicolae_good_shop
D:8:      lemuel_ice_statue, layout_basic, kennysheep_mini_moat, corner_web_ring
D:9:      layout_long_grid, due_lair_maze_entry_diamond,
          minmay_orc_entry_temple_small, serial_shops, nicolae_stop_n_shop_2,
          nrook_pool_corridor, minmay_diamond_spiral

Skill      XL: |  1  2  3  4  5  6  7  8  9 10 |
---------------+-------------------------------+-----
Ranged Weapons | 1 2 3 4 5 6 |  6.7
Fighting       | 2 3 4 5 6 |  6.9
Armour         | 2 3 4 5 6 |  6.9
Dodging        | 2 3 4 5 6 |  6.8
Shields        | 3 4 |  4.5
Short Blades   | 1 2 |  2.0
Translocations | 3 4 |  4.9
Long Blades    | 2 4 |  4.8
Throwing       | |  1.0
Unarmed Combat | |  3.0
Invocations    | |  1.0

Action                     |  1- 3 |  4- 6 |  7- 9 | 10-12 || total
---------------------------+-------+-------+-------+-------++-------
  Melee: Short sword       |     3 |    35 |   142 |       ||   180
         Long sword        |       |       |    94 |   235 ||   329
         Sling             |       |       |       |     3 ||     3
   Fire: Sling             |   114 |   203 |   339 |    48 ||   704
  Evoke: Wand              |       |     5 |     2 |       ||     7
    Use: Scroll            |       |     2 |    11 |     3 ||    16
         Potion            |       |     1 |     1 |       ||     2
 Armour: Leather armour    |    31 |    73 |    74 |       ||   178
         Scale mail        |       |       |     4 |     2 ||     6
         Ring mail         |       |       |       |    67 ||    67
  Dodge: Dodged            |    26 |    75 |   257 |   176 ||   534
  Block: Buckler           |    12 |    43 |   132 |   157 ||   344
         Reflection        |       |       |     1 |     6 ||     7

Table legend: (Time is in decaauts)
 A = Elapsed time spent in this place.
 B = Non-inter-level travel time spent in this place.
 C = Inter-level travel time spent in this place.
 D = Time resting spent in this place.
 E = Time spent auto-exploring this place.
 F = Levels seen in this place.
 G = Mean time per level.
                   A        B        C        D        E       F      G
               +--------+--------+--------+--------+--------+-----+--------+
         Total |  13099 |  12703 |    396 |   3694 |   5466 |  10 | 1309.9 |
       Dungeon |  12229 |  11833 |    396 |   3510 |   5197 |   9 | 1358.8 |
         Sewer |    869 |    869 |      0 |    184 |    268 |   1 |  869.0 |
               +--------+--------+--------+--------+--------+-----+--------+

Top non-repeatable levels by time:
     D:7: 3708 daAuts
     D:6: 1549 daAuts
     D:8: 1502 daAuts
     D:5: 1204 daAuts
     D:4: 1129 daAuts
     D:3: 1031 daAuts
   Sewer: 869 daAuts
     D:1: 801 daAuts
     D:9: 781 daAuts
     D:2: 520 daAuts
